Map: Washout LE

Players

Altik

  • Race: Terran Terran
  • League: Diamond

Bobipindol - Winner!

  • Race: Protoss Protoss
  • League: Diamond

VOD

Have the link to the VOD?

Description

Time

  • Played on: Aug. 4, 2026, 4:04 p.m.
  • Length: 11:25
Show
View Real Time Build Order
Export as new Build Order

Altik Terran 

Build Orders: Reaper Expand 

Get SALT Encoding   

  8  0:00  SCV  
  9  0:12  SCV  
  10  0:24  SCV  
  11  0:36  SCV  
  11  0:37  Supply Depot  
  12  0:48  SCV  
  13  1:00  Barracks  
  13  1:01  SCV  
  14  1:10  Refinery  
  14  1:13  SCV  
  15  1:25  SCV  
  16  1:37  SCV  
  17  1:50  Orbital Command  
  17  1:54  Reaper  
  18  2:05  Command Center  
  18  2:15  SCV  
  19  2:27  Supply Depot  
  19  2:28  SCV, Barracks Reactor  
  20  2:40  SCV  
  21  2:49  Factory  
  21  2:52  SCV  
  21  2:54  Supply Depot  
  22  3:11  Marine  
  22  3:12  Marine  
  23  3:17  Orbital Command  
  23  3:18  Bunker  
  23  3:19  SCV  
  24  3:24  Refinery  
  24  3:30  Marine  
  24  3:31  Marine, SCV  
  24  3:33  Factory Tech Lab  
  27  3:37  Barracks  
  27  3:41  Barracks  
  27  3:48  SCV, Marine  
  28  3:53  SCV  
  30  4:01  SCV  
  31  4:04  Siege Tank  
  31  4:08  SCV  
  31  4:09  Marine x2  
  37  4:17  SCV  
  38  4:24  SCV  
  38  4:27  Marine x2  
  38  4:29  SCV  
  38  4:30  Barracks Tech Lab x2  
  42  4:36  SCV, Siege Tank  
  46  4:39  Refinery  
  46  4:42  Supply Depot  
  46  4:43  Supply Depot  
  46  4:45  Marine x2  
  48  4:47  Combat Shield  
  48  4:53  SCV x2  
  50  5:03  Stimpack  
  50  5:05  SCV x2  
  52  5:07  Engineering Bay  
  52  5:13  Supply Depot  
  52  5:17  Supply Depot, SCV, Siege Tank  
  56  5:25  Marine x3  
  56  5:26  Marine  
  60  5:40  Command Center  
  60  5:42  SCV x2  
  62  5:44  Marine x3  
  62  5:47  Terran Infantry Weapons Level 1  
  65  5:55  Marine  
  65  5:56  Starport  
  66  6:00  Siege Tank  
  66  6:03  SCV  
  70  6:04  SCV  
  70  6:08  Marauder  
  73  6:13  Supply Depot  
  73  6:16  Supply Depot, Marine  
  74  6:21  Marine  
  75  6:25  SCV  
  75  6:26  SCV  
  75  6:27  Marine  
  75  6:29  Marine  
  75  6:32  Siege Tank  
  82  6:36  Marine  
  82  6:38  SCV x2  
  85  6:45  Marauder  
  87  6:50  SCV x2  
  87  6:51  Orbital Command  
  87  6:54  Starport Reactor  
  89  6:56  Marauder  
  91  7:02  SCV x2  
  91  7:03  Barracks  
  91  7:05  Barracks  
  93  7:11  Marauder, Marine x2  
  93  7:14  SCV  
  98  7:15  Siege Tank  
  99  7:35  Viking x2  
  103  7:39  Marauder x2, Marine x2  
  109  7:51  Terran Infantry Armor Level 1  
  109  7:53  Supply Depot  
  109  7:54  Siege Tank, Supply Depot x2  
  109  7:56  Engineering Bay  
  109  7:58  Marine x2  
  113  8:00  Armory, Marauder  
  87  8:23  Orbital Command  
  87  8:24  Marauder x2, Marine x2  
  87  8:26  Barracks Tech Lab  
  87  8:27  Barracks Reactor  
  88  8:28  Medivac x2  
  88  8:30  SCV x2  
  88  8:34  Refinery  
  94  8:42  SCV x2  
  94  8:45  Marauder  
  94  8:46  Marauder, Marine x2  
  94  8:47  Marine  
  103  8:49  SCV  
  103  8:54  SCV x2  
  106  8:58  Medivac, Viking  
  110  9:04  Marine x2  
  110  9:05  Marauder  
  110  9:06  Marine, Supply Depot  
  110  9:07  Marine  
  116  9:16  Marine x2  
  118  9:20  SCV  
  118  9:21  SCV x2  
  118  9:22  Marine x2  
  123  9:24  Marine, Refinery  
  123  9:25  Refinery  
  123  9:28  Viking x2  
  128  9:31  Starport  
  128  9:33  SCV  
  124  9:44  SCV x2  
  124  9:45  SCV  
  127  9:50  Concussive Shells  
  127  9:56  SCV x2  
  127  9:57  SCV  
  130  10:04  Viking, Marine x2  
  130  10:05  Marine x5  
  139  10:08  SCV  
  139  10:09  SCV x2  
  142  10:20  SCV  
  144  10:21  SCV  
  144  10:22  Marine  
  145  10:29  Viking  
  145  10:31  Starport Reactor  
  145  10:33  Marauder x2  
  145  10:34  Command Center  
  151  10:54  Marine x2  
  151  10:57  Marine x2, Marauder  
  128  11:04  Marauder x2  
Show
View Real Time Build Order
Export as new Build Order

Bobipindol Protoss - Winner!

Build Orders: Colossus Rush 

Get SALT Encoding   

  8  0:00  Probe (Chrono Boost)  
  9  0:12  Probe (Chrono Boost)  
  10  0:20  Probe (Chrono Boost)  
  11  0:26  Probe  
  12  0:31  Pylon  
  12  0:38  Probe  
  13  0:53  Probe  
  14  0:57  Gateway  
  14  1:05  Probe (Chrono Boost)  
  15  1:15  Assimilator  
  15  1:17  Probe (Chrono Boost)  
  16  1:29  Probe (Chrono Boost)  
  17  1:40  Probe  
  18  1:52  Cybernetics Core  
  18  2:02  Nexus  
  18  2:07  Pylon  
  18  2:10  Probe (Chrono Boost)  
  19  2:19  Probe (Chrono Boost)  
  20  2:24  Probe (Chrono Boost)  
  20  2:25  Assimilator  
  21  2:31  Adept  
  23  2:38  Probe  
  24  2:49  Warp Gate  
  24  2:51  Probe  
  25  3:03  Probe  
  26  3:15  Probe  
  26  3:17  Probe  
  26  3:18  Stalker  
  30  3:22  Robotics Facility  
  30  3:27  Probe (Chrono Boost)  
  30  3:29  Probe (Chrono Boost)  
  32  3:38  Probe (Chrono Boost)  
  32  3:39  Probe (Chrono Boost)  
  34  3:43  Probe (Chrono Boost)  
  34  3:44  Probe (Chrono Boost)  
  34  3:45  Stalker  
  38  4:05  Probe x2  
  40  4:11  Observer, Pylon  
  39  4:17  Probe x2  
  39  4:21  Pylon  
  41  4:29  Probe  
  44  4:32  Gateway  
  44  4:33  Robotics Bay  
  44  4:35  Probe  
  45  4:41  Probe  
  45  4:43  Stalker (Chrono Boost)  
  45  4:45  Shield Battery  
  46  4:47  Probe  
  46  4:49  Assimilator  
  46  4:50  Stalker (Chrono Boost)  
  46  4:51  Assimilator  
  49  5:07  Stalker  
  49  5:11  Probe (Chrono Boost)  
  49  5:13  Nexus  
  53  5:15  Pylon  
  53  5:16  Probe (Chrono Boost)  
  54  5:23  Probe (Chrono Boost)  
  54  5:32  Colossus (Chrono Boost)  
  54  5:34  Probe x2  
  61  5:44  Twilight Council  
  61  5:47  Zealot x2  
  65  5:52  Gateway  
  65  5:54  Gateway  
  65  5:59  Probe  
  66  6:04  Pylon  
  66  6:08  Pylon  
  66  6:09  Extended Thermal Lance (Chrono Boost)  
  66  6:11  Pylon  
  66  6:17  Charge (Chrono Boost)  
  66  6:19  Colossus (Chrono Boost)  
  66  6:22  Zealot  
  66  6:24  Zealot  
  66  6:25  Probe (Chrono Boost)  
  78  6:28  Probe (Chrono Boost)  
  78  6:30  Shield Battery  
  79  6:34  Probe (Chrono Boost)  
  79  6:36  Probe (Chrono Boost)  
  79  6:38  Zealot  
  79  6:39  Zealot  
  85  6:40  Probe (Chrono Boost)  
  85  6:42  Probe x2 (Chrono Boost), Zealot x2  
  91  6:49  Probe  
  91  6:53  Probe  
  93  6:54  Zealot x2  
  93  7:00  Probe  
  98  7:08  Probe x2  
  100  7:14  Pylon  
  100  7:15  Stalker  
  102  7:17  Pylon  
  100  7:30  Pylon  
  100  7:32  Stalker  
  100  7:33  Nexus  
  100  7:35  Colossus, Zealot  
  110  7:53  Pylon  
  110  7:54  Pylon  
  110  7:55  Pylon  
  110  8:01  Zealot  
  110  8:03  Zealot  
  110  8:05  Zealot  
  80  8:22  Zealot x2  
  80  8:23  Zealot x2  
  88  8:28  Probe x2  
  90  8:40  Immortal, Probe  
  90  8:41  Gateway  
  95  8:42  Gateway  
  95  8:43  Gateway  
  95  8:44  Probe x2  
  95  8:47  Zealot x2  
  95  8:48  Zealot x2  
  105  8:52  Probe  
  106  8:56  Probe  
  106  8:59  Assimilator  
  106  9:01  Blink  
  107  9:03  Assimilator, Probe  
  107  9:04  Zealot, Probe  
  107  9:05  Zealot  
  107  9:06  Sentry  
  107  9:07  Sentry  
  107  9:08  Probe  
  118  9:21  Stalker x3  
  118  9:22  Stalker  
  126  9:28  Probe x2  
  128  9:44  Probe x3  
  131  9:50  Zealot x3  
  131  9:51  Zealot x3  
  143  9:55  Pylon  
  143  9:57  Nexus  
  143  9:58  Pylon  
  143  9:59  Pylon x2  
  143  10:01  Pylon  
  143  10:09  Colossus (Chrono Boost)  
  149  10:22  Stalker x2  
  149  10:23  Stalker x5  
  163  10:30  Robotics Facility  
  163  10:32  Templar Archives  
  163  10:40  Stalker x3  
  163  10:42  Zealot  
  107  11:21  Zealot x7  
Tags
 
Add a new tag
Caveats
  • Supply blocks, unpowered buildings, or Contaminate may cause inaccurate times.
  • Supply counts are checked every 10 seconds.